 Dungeon Crawl Stone Soup version 0.30-a0-358-g0d69a1922f (webtiles) character file.

Game seed: 13935768326740027988

18 Datul the Vexing (level 2, -1/19 HPs)
             Began as a Demonspawn Enchanter on Nov 9, 2022.
             Slain by an adder (4 damage)
             ... on level 2 of the Dungeon.
             The game lasted 00:02:02 (1073 turns).

Datul the Vexing (Demonspawn Enchanter)             Turns: 1073, Time: 00:02:03

Health: -1/19      AC:  4    Str:  8    XL:     2   Next: 51%
Magic:  5/5        EV: 12    Int: 16    God:
Gold:   63         SH:  0    Dex: 13    Spells: 5/5 levels left

rFire   . . .      SeeInvis .    a - +1 dagger
rCold   . . .      Faith    .    (no shield)
rNeg    . . .      Spirit   .    b - +0 robe
rPois   .          Reflect  .    (no helmet)
rElec   .          Harm     .    (no cloak)
rCorr   .          Rampage  .    (no gloves)
Will    .....                    (no boots)
Stlth   ++........               (no amulet)
HPRegen 0.23/turn                (no ring)
MPRegen 0.09/turn                (no ring)

@: lethally poisoned (-1 -> -5)
A: icy blue scales 1
a: no special abilities


You were on level 2 of the Dungeon.
You visited 1 branch of the dungeon, and saw 2 of its levels.

You collected 63 gold pieces.

Inventory:

Hand Weapons
 a - a +1 dagger (weapon)
Missiles
 d - 2 boomerangs (quivered)
Armour
 b - a +0 robe (worn)
 e - a +0 leather armour
Scrolls
 g - a scroll of poison {unknown}
 h - a scroll of teleportation {unknown}
Potions
 c - 2 potions of invisibility
 f - a potion of attraction {unknown}
 i - a potion of curing {unknown}


   Skills:
 - Level 0.8(1.5) Short Blades
 + Level 2.0(2.1) Long Blades
 - Level 1.7 Dodging
 - Level 2.6 Stealth
 - Level 2.0 Spellcasting
 - Level 3.0 Hexes


You had 5 spell levels left.
You didn't know any spells.
Your spell library contained the following spells:

 Spells                   Type           Power      Damage    Failure   Level
 Ensorcelled Hibernation  Hex/Ice        12%        N/A       17%         2
 Confusing Touch          Hex            11%        N/A       19%         3
 Tukima's Dance           Hex            11%        N/A       19%         3
 Dazzling Flash           Conj/Hex       12%        N/A       32%         3


Dungeon Overview and Level Annotations

Branches:
Dungeon (2/15) Zot: 10931

Altars:


Innate Abilities, Weirdness & Mutations

You are partially covered in icy blue scales. (AC +2)


Message History

No target in view!
No target in view!
You open the door. You open the door.
There is an open door here.
Found a trident.
You see here a +0 trident.
You open the door.
An adder comes into view.
The adder hisses angrily.
The adder bites you but does no damage.
Found 14 gold pieces.
You closely miss the adder. The adder bites you.
You are poisoned.
The adder poisons you!
You take 2 damage, and have 17/19 hp.
You closely miss the adder.
You feel sick. The adder bites you.
You are more poisoned.
The adder poisons you!
You take 2 damage, and have 15/19 hp.
You completely miss the adder.
You feel sick. The adder bites you.
You are lethally poisoned!
The adder poisons you!
You take 6 damage, and have 9/19 hp.
MASSIVE DAMAGE!!
You barely miss the adder.
You feel sick. The adder barely misses you.
You take 1 damage, and have 8/19 hp.
You closely miss the adder.
* * * LOW HITPOINT WARNING * * *
You feel sick. The adder barely misses you. The adder closely misses you.
You take 2 damage, and have 6/19 hp.
You hit the adder.
The adder is heavily wounded.
* * * LOW HITPOINT WARNING * * *
You feel sick. The adder closely misses you.
You take 2 damage, and have 4/19 hp.
You hit the adder.
The adder is severely wounded.
* * * LOW HITPOINT WARNING * * *
You feel sick. The adder bites you.
You die...

#.....$...#
+.........+
......... .......
..... ... #S# #@#
#.##### ##.....#
#####..###.#
#......# ##.
.....###).###.....
### ##.....#
#.##### #.#


You could see an adder.

Vanquished Creatures
  A dart slug (D:1)
  2 bats (D:1)
  A giant cockroach (D:1)
  2 goblins (D:1)
  A hobgoblin (D:1)
  A quokka (D:1)
  2 frilled lizards (D:1)
  3 kobolds (D:1)
  3 rats
16 creatures vanquished.

Notes
Turn   | Place    | Note
-------+----------+-------------------------------------------
     0 | D:1      | Datul the Demonspawn Enchanter began the quest for the Orb.
     0 | D:1      | Reached XP level 1. HP: 13/13 MP: 3/3
   275 | D:1      | Reached skill level 1 in Long Blades
   337 | D:1      | Gained mutation: You are partially covered in icy blue
                  | scales. (AC +2) [demonic ancestry]
   337 | D:1      | Reached XP level 2. HP: 17/19 MP: 5/5
  1073 | D:2      | Slain by an adder

Illustrated notes

Levels and vault maps discovered:
D:1:      minmay_arrival_semitransparent, layout_basic
D:2:      minmay_chambers_of_ones, layout_loops_corners, basic_altar,
          minmay_misc_feat_rugged, hangedman_decor_clover_reticule,
          serial_bayou_lake_a

Skill      XL: |  1  2 |
---------------+-------+-----
Long Blades    | 1 2 |  2.0
Short Blades   | |  0.8
Dodging        | |  1.7
Stealth        | |  2.6
Spellcasting   | |  2.0
Hexes          | |  3.0

Action                   || total
-------------------------++-------
Melee: Dagger            ||    87
       Punch             ||     1
 Stab: Sleeping          ||     1
Armor: Robe              ||    19
Dodge: Dodged            ||    50

Table legend: (Time is in decaauts)
 A = Elapsed time spent in this place.
 B = Non-inter-level travel time spent in this place.
 C = Inter-level travel time spent in this place.
 D = Time resting spent in this place.
 E = Time spent auto-exploring this place.
 F = Levels seen in this place.
 G = Mean time per level.
                   A        B        C        D        E       F      G
               +--------+--------+--------+--------+--------+-----+--------+
         Total |   1067 |   1067 |      0 |    136 |    721 |   2 |  533.5 |
       Dungeon |   1067 |   1067 |      0 |    136 |    721 |   2 |  533.5 |
               +--------+--------+--------+--------+--------+-----+--------+

Top non-repeatable levels by time:
     D:1: 977 daAuts
     D:2: 90 daAuts
